 Dungeon Crawl Stone Soup version 0.14-a0-1765-g49ce880 (webtiles) character file.

44351 Jenx the Bludgeoner (level 13, -1/111 HPs)
             Began as a Minotaur Assassin on Jan 3, 2014.
             Was the Champion of Okawaru.
             Slain by a death yak (13 damage)
             ... on Level 7 of the Lair of Beasts on Jan 5, 2014.
             The game lasted 01:39:06 (21290 turns).

Jenx the Bludgeoner (Minotaur Assassin)            Turns: 21290, Time: 01:39:06

HP  -1/111       AC 24     Str 20      XL: 13   Next: 93%
MP  23/23        EV  6     Int 10      God: Okawaru [******]
Gold 382         SH 38     Dex 15      Spells:  0 memorised, 12 levels left

rFire  . . .     SeeInvis .     a - +3,+1 demon whip (elec)
rCold  + + .     Clarity  .     T - +2 orc plate armour
rNeg   + . .     Conserve .     d - +0 orc large shield
rPois  .         rCorr    .     f - +0 wizard hat {MR+}
rElec  .         rRot     .     l - +0 dwarf cloak
SustAb . .       Spirit   .     R - +0 pair of elf gloves
rMut   .         Warding  +     m - +2 pair of boots of Suvas {rC++ MR++ Int+2 Acc+4}
Saprov . . .     Stasis   .     I - amulet of warding
                                q - +2 ring of strength
                                i - +2 ring of evasion

@: extremely resistant to hostile enchantments, extremely unstealthy
A: retaliatory headbutt, horns 2
a: Heroism, Finesse, Renounce Religion


You were on level 7 of the Lair of Beasts.
You worshipped Okawaru.
Okawaru was exalted by your worship.
You were hungry.

You visited 3 branches of the dungeon, and saw 18 of its levels.
You also visited: Sewer, Bailey, Ice Cave and Volcano.

You collected 1335 gold pieces.
You spent 953 gold pieces at shops.

Inventory:

Hand weapons
 a - a +3,+1 demon whip of electrocution (weapon)
 b - a +0 blowgun
 h - a +2,+1 flail of freezing
 D - the +5,+6 mace "Yvviwucs" {elec, *Rage rPois rN+ Str+1 Int+3}
   (Okawaru gifted it to you on level 5 of the Lair of Beasts)

   Occasionally, upon striking a foe, it will discharge some electrical energy
   and cause terrible harm.
   It affects your strength (+1).
   It affects your intelligence (+3).
   It protects you from poison.
   It protects you from negative energy.
   It makes you angry.
Missiles
 e - 35 poisoned needles
 p - 6 curare-tipped needles
 P - 4 silver javelins (quivered)
Armour
 d - a +0 orcish large shield (worn)
 f - a +0 wizard hat of magic resistance (worn)
 l - a +0 dwarven cloak (worn)
 m - the +2 pair of boots of Suvas (worn) {rC++ MR++ Int+2 Acc+4}
   (You bought it in a shop on level 8 of the Dungeon)

   It affects your intelligence (+2).
   It affects your accuracy (+4).
   It greatly protects you from cold.
   It affects your resistance to hostile enchantments.
 n - the +6 buckler "Cechecw" {rF+}
   (Okawaru gifted it to you on level 9 of the Dungeon)

   It protects you from fire.
 o - the +3 scale mail of the Hills {rElec}
   (Okawaru gifted it to you on level 2 of the Lair of Beasts)

   It insulates you from electricity.
 R - a +0 pair of elven gloves (worn)
 T - a +2 orcish plate armour (worn)
Magical devices
 A - a wand of disintegration (9)
 C - a wand of polymorph (15) {unknown}
 J - a wand of draining (2)
 M - a wand of frost (22)
 Q - a wand of slowing (15)
Comestibles
 c - 3 pears
 g - 8 bread rations
 s - 2 honeycombs
 v - 4 grapes
 B - 7 meat rations
Scrolls
 k - a scroll of amnesia
 u - a scroll of enchant armour
 y - 7 scrolls of fear
 G - 4 scrolls of fog
 K - 2 scrolls of magic mapping
 L - 7 scrolls of remove curse
 N - 7 scrolls of teleportation
 S - 2 scrolls of blinking
 W - a scroll of immolation
 X - a scroll of identify
Jewellery
 i - a +2 ring of evasion (left hand)
 q - a +2 ring of strength (right hand)
 r - an uncursed amulet of rage
 z - an uncursed ring of magical power
 I - an amulet of warding (around neck)
 O - an uncursed ring of fire {unknown}
 U - an uncursed ring of poison resistance {unknown}
Potions
 t - 2 potions of curing
 w - a potion of flight {unknown}
 x - 4 potions of brilliance
 E - 2 potions of speed
 F - a potion of agility
 H - a potion of poison {unknown}
 V - 3 potions of berserk rage
Miscellaneous
 j - a lamp of fire


   Skills:
 - Level 9.3 Fighting
   Level 2.1 Short Blades
 - Level 15.0 Maces & Flails
 - Level 2.0 Throwing
 + Level 13.4 Armour
 - Level 1.1 Dodging
 - Level 3.2 Stealth
 - Level 13.5 Shields
 - Level 10.3 Invocations


You had 12 spell levels left.
You didn't know any spells.

Dungeon Overview and Level Annotations

Branches:
Dungeon (10/16)            Temple (0/1) D:5             Orc (1/4) D:9
   Lair (7/8) D:8          Shoals (0/5) Lair:6        Snake (0/5) Lair:5
  Slime (0/6) Lair:6

Altars:
Ashenzari
Elyvilon
Fedhas
Kikubaaqudgha
Nemelex Xobeh
Okawaru
Trog
Xom
Beogh

Shops:
D:4 ?   D:7 }   D:8 *

Annotations:
D:8 806 gp - boots


Innate Abilities, Weirdness & Mutations

You reflexively headbutt those who attack you in melee.
You have a pair of horns on your head.


Message History

The wolf is moderately wounded.
You block the wolf's attack. You block the wolf's attack.
You hit the death yak but do no damage.
You headbutt the death yak, but do no damage.
The death yak is lightly wounded.
The death yak gores you!
* * * LOW HITPOINT WARNING * * *
The wolf bites you but does no damage.
You hit the death yak but do no damage.
The death yak is lightly wounded.
The death yak gores you.
* * * LOW HITPOINT WARNING * * *
You block the wolf's attack.
You hit the wolf.
The wolf is heavily wounded.
You block the wolf's attack.
Drink which item? (? for menu, Esc to quit)
You feel better. You block the wolf's attack. The death yak gores you!
You die...

........#%## #........#######
..##.......###..f.......##.f#
..###......##....P#..#..##.##
.## ###..........##f##....#.#
.,* ###.........####.#f...# , *
###..........####....f### **
*#.....................#.# ,*#*
#.#..##.#.Y........###...#
.#.#*##...####.h@...##P#.#...##
....##[..## #.#.....P####.#.##
.....f...## ##......## #..##
...#......####......### #.##
...........##.........# ###
............#....[....###.##
.................##......#.#
.....<............#.......##
.#.#.......#.#.#........####


You could see a death yak and a wolf.

Vanquished Creatures
  Gastronok (Lair:1)
  An ice dragon (Lair:7)
  2 death yaks (Lair:7)
  The ghost of Meowch the Nimble, an experienced DrBe of Trog (Bailey)
  A deep elf knight (Bailey)
  Erolcha (Orc:1)
  A statue (Volcano)
  A flaming corpse (Volcano)
  A griffon (Lair:3)
  8 elephants
  12 black mambas
  6 spiny frogs
  A fire drake (Lair:7)
  A queen ant (D:10)
  A deep elf priest (Bailey)
  8 komodo dragons
  2 trolls
  3 polar bears (Lair:7)
  17 blink frogs
  A two-headed ogre (D:10)
  Prince Ribbit (Sewer)
  3 basilisks
  An ugly thing (Volcano)
  3 fire bats (Volcano)
  7 sharks
  A hill giant zombie (D:8)
  20 wolves
  A wyvern (Lair:6)
  A fire elemental (Volcano)
  A toenail golem (Volcano)
  A deep elf mage (Bailey)
  An elephant slug (Lair:7)
  5 hippogriffs
  6 deep elf fighters (Bailey)
  21 yaks
  Grum (D:9)
  A hungry ghost (D:6)
  2 manticores
  A molten gargoyle (Volcano)
  6 soldier ants (D:10)
  A swamp drake (D:9)
  A phantom (D:5)
  2 sky beasts
  6 porcupines
  7 orc warriors
  10 ice beasts
  6 giant goldfish
  11 crocodiles
  6 ogres
  4 centaurs
  6 giant slugs
  16 giant frogs
  3 agate snails
  17 water moccasins
  4 wights (D:9)
  5 jellyfish
  A troll skeleton (D:10)
  9 electric eels
  6 lava fish (Volcano)
  5 crimson imps
  4 big fish
  10 hounds
  3 jellies
  5 orc priests
  17 orc wizards
  27 worker ants
  7 iguanas
  6 scorpions
  14 sheep
  A big kobold skeleton (D:10)
  A mummy (D:6)
  20 green rats
  22 adders
  2 giant centipedes (Lair:3)
  An inept feature mimic (D:3)
  3 giant mites
  An inept item mimic (D:3)
  3 worms
  4 giant eyeballs
  10 giant geckos
  2 oozes (D:2)
  68 orcs
  8 ball pythons
  4 giant cockroaches
  2 grey rats (D:3)
  24 hobgoblins
  18 jackals
  21 bats
  A giant gecko skeleton (D:5)
  6 giant newts
  A giant spore (D:7)
  14 goblins
  A goblin skeleton (D:4)
  19 kobolds
  6 quokkas
  27 rats
  4 ballistomycetes (D:7)
  4 butterflies
  2 fungi (Lair:7)
673 creatures vanquished.

Notes
Turn   | Place    | Note
--------------------------------------------------------------
     0 | D:1      | Jenx, the Minotaur Assassin, began the quest for the Orb.
     0 | D:1      | Reached XP level 1. HP: 18/18 MP: 1/1
   100 | D:1      | Reached XP level 2. HP: 12/26 MP: 1/1
   396 | D:1      | HP: 1/26 [worm (9)]
   731 | D:1      | Reached skill level 4 in Fighting
   754 | D:1      | Found a sparkling altar of Nemelex Xobeh.
   970 | D:2      | Reached skill level 1 in Armour
   977 | D:2      | Reached XP level 3. HP: 22/33 MP: 2/2
   997 | D:2      | Found a shimmering altar of Xom.
  1229 | D:2      | Reached XP level 4. HP: 23/40 MP: 2/2
  1483 | D:2      | Found an iron altar of Okawaru.
  1493 | D:2      | Became a worshipper of Warmaster Okawaru
  2038 | D:3      | Found a white marble altar of Elyvilon.
  2224 | D:3      | Reached XP level 5. HP: 39/46 MP: 2/2
  2249 | D:3      | Found a glowing drain.
  2258 | Sewer    | Entered a sewer
  2306 | Sewer    | Upgraded the game from 0.14-a0-1739-g6c2808e to 0.14-a0-1761-gdbd231b
  2374 | Sewer    | Reached skill level 5 in Armour
  2382 | Sewer    | Reached skill level 6 in Armour
  2382 | Sewer    | Reached XP level 6. HP: 33/52 MP: 3/3
  2433 | Sewer    | Noticed Prince Ribbit
  2457 | Sewer    | Killed Prince Ribbit
  2457 | Sewer    | Acquired Okawaru's first power
  2457 | Sewer    | Reached skill level 7 in Armour
  2892 | D:3      | Reached skill level 8 in Armour
  3190 | D:4      | Reached XP level 7. HP: 54/59 MP: 3/3
  3242 | D:4      | Found Cruschol's Magic Scroll Shop.
  3244 | D:4      | Paralysed by a giant eyeball for 4 turns
  3254 | D:4      | Paralysed by a giant eyeball for 4 turns
  3398 | D:4      | Paralysed by a giant eyeball for 3 turns
  3562 | D:4      | Found a blossoming altar of Fedhas.
  3844 | D:4      | Paralysed by a giant eyeball for 2 turns
  3855 | D:4      | Reached skill level 5 in Fighting
  3870 | D:4      | Bought a scroll of teleportation for 42 gold pieces
  3870 | D:4      | Bought a scroll of identify for 28 gold pieces
  3898 | D:5      | Entered Level 5 of the Dungeon
  3959 | D:5      | Found an ancient bone altar of Kikubaaqudgha.
  4096 | D:5      | Reached skill level 1 in Maces & Flails
  4096 | D:5      | Reached skill level 1 in Shields
  4396 | D:5      | Found a shattered altar of Ashenzari.
  4534 | D:5      | Found a staircase to the Ecumenical Temple.
  4584 | D:5      | Reached skill level 5 in Maces & Flails
  4779 | D:5      | Reached XP level 8. HP: 65/68 MP: 3/3
  5483 | D:6      | Reached skill level 9 in Maces & Flails
  5683 | D:7      | Identified Ehivap's Disquisition on Malediction
  5728 | D:7      | Reached skill level 10 in Maces & Flails
  5728 | D:7      | Reached XP level 9. HP: 55/74 MP: 4/4
  5780 | D:7      | Reached skill level 1 in Invocations
  5807 | D:7      | Found Shrism's Gadget Boutique.
  5940 | D:4      | Bought a scroll of fog for 28 gold pieces
  5940 | D:4      | Bought a scroll of magic mapping for 49 gold pieces
  6595 | D:8      | Found Puojuteo's General Store.
  6728 | D:8      | Reached skill level 5 in Shields
  6852 | D:8      | Found a staircase to the Lair.
  6857 | Lair:1   | Entered Level 1 of the Lair of Beasts
  7622 | D:8      | Acquired Okawaru's second power
  7690 | D:8      | Reached XP level 10. HP: 43/91 MP: 8/9
  8321 | Lair:1   | Noticed Gastronok
  8596 | Lair:1   | Reached skill level 10 in Armour
  8957 | Lair:1   | Killed Gastronok
  9723 | D:9      | Reached XP level 11. HP: 35/97 MP: 18/18
  9733 | D:9      | Received a gift from Okawaru
  9734 | D:9      | Got a crude buckler {god gift}
  9854 | D:9      | Found a staircase to the Orcish Mines.
  9905 | D:9      | Identified the +6 buckler "Cechecw" {rF+} (Okawaru gifted it to you on level 9 of the Dungeon)
 10078 | Orc:1    | Entered Level 1 of the Orcish Mines
 10154 | Orc:1    | Noticed Erolcha
 10463 | D:9      | Noticed Grum
 10477 | D:9      | Killed Grum
 10512 | D:9      | Found a bloodstained altar of Trog.
 10705 | Orc:1    | Killed Erolcha
 10744 | Orc:1    | Found a flagged portal.
 10755 | Bailey   | Entered a bailey
 10783 | Bailey   | Noticed Meowch's ghost (experienced DrBe)
 10809 | Bailey   | Killed Meowch's ghost
 11048 | Bailey   | Reached skill level 10 in Invocations
 11139 | Bailey   | Noticed a deep elf knight
 11146 | Bailey   | Killed a deep elf knight
 11500 | Orc:1    | Found a roughly hewn altar of Beogh.
 12072 | Lair:2   | Reached skill level 11 in Maces & Flails
 12422 | Lair:2   | Reached skill level 12 in Maces & Flails
 12634 | Lair:2   | Received a gift from Okawaru
 12635 | Lair:2   | Got a bloodstained scale mail {god gift}
 12798 | Lair:2   | Identified the +3 scale mail of the Hills {rElec} (Okawaru gifted it to you on level 2 of the Lair of Beasts)
 12846 | Lair:2   | Reached XP level 12. HP: 48/104 MP: 23/23
 12917 | Lair:2   | Reached skill level 13 in Maces & Flails
 14133 | Lair:3   | Reached skill level 14 in Maces & Flails
 15355 | Lair:4   | Reached skill level 15 in Maces & Flails
 15759 | D:8      | Bought the +2 pair of boots of Suvas {rC++ MR++ Int+2 Acc+4} for 806 gold pieces
 15765 | D:8      | Upgraded the game from 0.14-a0-1761-gdbd231b to 0.14-a0-1765-g49ce880
 15819 | D:10     | Entered Level 10 of the Dungeon
 16992 | Lair:5   | Received a gift from Okawaru
 16993 | Lair:5   | Got a slimy mace {god gift}
 16994 | Lair:5   | Identified the +5,+6 mace "Yvviwucs" {elec, *Rage rPois rN+ Str+1 Int+3} (Okawaru gifted it to you on level 5 of the Lair of Beasts)
 17213 | Lair:5   | Found a staircase to the Snake Pit.
 17229 | Lair:5   | Reached skill level 10 in Shields
 17290 | Lair:5   | Reached XP level 13. HP: 102/111 MP: 23/23
 17792 | Lair:6   | Found a staircase to the Slime Pits.
 17817 | Lair:6   | Received a gift from Okawaru
 17956 | Lair:6   | Found a dark tunnel.
 17972 | Volcano  | Entered a volcano
 18144 | Volcano  | Found a burning altar of Makhleb.
 18340 | Lair:6   | Found a staircase to the Shoals.
 19027 | Lair:6   | HP: 3/111 [electric eel/bolt of electricity (14)]
 19501 | Lair:6   | Got an ichor-stained quarterstaff
 19881 | Lair:7   | Found a frozen archway.
 20152 | IceCv    | Entered an ice cave
 20468 | Lair:7   | Got a shimmering robe
 20936 | Lair:7   | Received a gift from Okawaru
 21287 | Lair:7   | HP: 4/111 [death yak (5)]
 21290 | Lair:7   | Slain by a death yak

Action                   |  1- 3 |  4- 6 |  7- 9 | 10-12 | 13-15 || total
-------------------------+-------+-------+-------+-------+-------++-------
Melee: Dagger            |    78 |   193 |    56 |       |       ||   327
       Mace              |       |       |   451 |   217 |    30 ||   698
       Flail             |       |       |       |  1009 |   566 ||  1575
       Demon whip        |       |       |       |       |    61 ||    61
 Fire: Blowgun           |    11 |     3 |    12 |    22 |       ||    48
Throw: Javelin           |       |       |    22 |    42 |       ||    64
Invok: Heroism           |       |       |     2 |    10 |       ||    12
Evoke: Wand              |       |       |     4 |    20 |     2 ||    26
  Use: Scroll            |     1 |       |     8 |    13 |     8 ||    30
       Potion            |       |       |     2 |    13 |     4 ||    19
 Stab: Sleeping          |     2 |     3 |     1 |       |       ||     6
